 Dungeon Crawl Stone Soup version 0.32-a0-484-g2eb335deba (webtiles) character file.

Game seed: 3459650358305369897

155 mopl the Apothecary (level 5, 0/31 HPs)
             Began as an Octopode Alchemist on Feb 26, 2024.
             Was an Initiate of Vehumet.
             Slain by a goblin
             ... wielding a +2 dagger of freezing
              (1 damage)
             ... on level 4 of the Dungeon.
             The game lasted 00:02:33 (2564 turns).

mopl the Apothecary (Octopode Alchemist)            Turns: 2564, Time: 00:02:34

Health: 0/31       AC:  1    Str:  7    XL:     5   Next: 37%
Magic:  2/9        EV: 13    Int: 19    God:    Vehumet [......]
Gold:   119        SH:  0    Dex: 13    Spells: 1/10 levels left

rFire   + . .        t - +2 dagger (drain)
rCold   + . .        (no shield)
rNeg    . . .        (helmet restricted)
rPois   +            (no amulet)
rElec   .            f - ring of poison resistance
rCorr   .            n - ring of protection from cold
SInv    .            r - ring of willpower
Will    +....        u - ring of protection from fire
Stlth   +++          (no ring)
HPRegen 0.25/turn    (no ring)
MPRegen 0.11/turn    (no ring)
                     (no ring)

%: no passive effects
@: no status effects
A: almost no armour, amphibious, 8 rings, camouflage 1, gelatinous body 1,
(nimble swimmer 1), tentacles
a: Renounce Religion


You were on level 4 of the Dungeon.
You worshipped Vehumet.
Vehumet was noncommittal.
You visited 1 branch of the dungeon, and saw 4 of its levels.

You collected 119 gold pieces.

Inventory:

Hand Weapons
 j - a +0 vampiric short sword
 t - a +2 dagger of draining (weapon)
 w - a +0 dagger of electrocution
Missiles
 k - 14 poisoned darts
Jewellery
 f - a ring of poison resistance (left tentacle)
 n - a ring of protection from cold (right tentacle)
 r - a ring of willpower (on tentacle)
 u - a ring of protection from fire (on tentacle)
Wands
 x - a wand of quicksilver (1)
Scrolls
 b - a scroll of enchant weapon {unknown}
 c - a scroll of brand weapon {unknown}
 e - 2 scrolls of poison {unknown}
 g - 2 scrolls of blinking {unknown}
 h - 2 scrolls of identify {unknown}
 p - a scroll of fog {unknown}
 q - 2 scrolls of enchant armour {unknown}
 s - a scroll of teleportation {unknown}
 y - a scroll of acquirement {unknown}
Potions
 a - a potion of magic
 d - 3 potions of curing {unknown}
 i - a potion of enlightenment {unknown}
 l - a potion of cancellation {unknown}
 m - a potion of haste {unknown}
 o - 2 potions of resistance {unknown}
 v - 2 potions of heal wounds {unknown}


   Skills:
 - Level 2.0 Dodging
 - Level 2.6 Stealth
 + Level 3.2 Spellcasting
 + Level 2.9 Conjurations
 + Level 4.5 Alchemy


You had one spell level left.
You knew the following spells:

 Your Spells              Type           Power      Damage    Failure   Level
a - Sting                 Conj/Alch      68%        1d7       3%          1
d - Sticky Flame          Fire/Alch      11%        2d5       50%         4
o - Olgreb's Toxic Radia  Alch           20%        N/A       22%         4

Your spell library contained the following spells:

 Spells                   Type           Power      Damage    Failure   Level
 Mercury Vapours          Alch/Air       22%        N/A       9%          2
 Mephitic Cloud           Conj/Alch/Air  12%        N/A       16%         3
 Sublimation of Blood     Necr           3%         N/A       22%         2
 Inner Flame              Hex/Fire       3%         N/A       41%         3
 Petrify                  Alch/Erth      11%        N/A       50%         4
 Flame Wave               Conj/Fire      8%         2d5       63%         4
 Irradiate                Conj/Alch      8%         3d14      65%         5


Dungeon Overview and Level Annotations

Branches:
Dungeon (4/15)
 Temple: D:4-7

Altars:
Vehumet


Innate Abilities, Weirdness & Mutations

You cannot wear most types of armour.
You are amphibious.
You can wear up to eight rings at the same time.
Your skin changes colour to match your surroundings (Stealth+).
Your rubbery body absorbs attacks. (AC +1, EV +1)
((You are camouflaged when in or above water. (Stealth+)))
You have tentacles for arms and can constrict up to eight enemies at once.


Message History

You kill the dart slug!
Vehumet accepts your kill.
An orc comes into view. It is wielding a +0 short sword.
Vehumet accepts your kill.
You feel a bit more experienced.
The orc wizard looks more healthy.
The orc wizard points at you and mumbles some strange words.
You resist with almost no effort.
The orc wizard gestures at you while chanting.
You are confused.
The orc wizard hits you with a +0 dagger.
A goblin comes into view. It is wielding a +2 dagger of freezing.
The goblin shouts!
The orc wizard hits you with a +0 dagger.
You completely miss the orc wizard.
The orc wizard is heavily wounded.
The orc wizard points at you and mumbles some strange words.
You resist with almost no effort.
An endoplasm comes into view.
Your magical contamination has completely faded away.
The orc wizard attacks as it pursues you!
The orc wizard misses you.
The endoplasm quivers.
You hit the orc wizard.
The orc wizard is almost dead.
The orc wizard casts a spell at you. The magic dart hits you!
You bump into the rock wall.
The orc wizard gestures at you while chanting.
The magic dart hits you.
You miss the orc wizard.
The orc wizard is almost dead.
You feel less confused.
The orc wizard gestures at you while chanting.
The magic dart hits you!
* * * LOW HITPOINT WARNING * * *
The goblin hits you with a +2 dagger of freezing.
* * * LOW HITPOINT WARNING * * *
The goblin freezes you.
You die...

...#
##...###...........#
#.##
#.....#..#.........#
#..###........##.......#
.....#.......###......##
.##.........## ###...##
...##.......# ##...#
....####...## #....#
.....# ##..### ##....#
.....####....# #@o..##
##.####....#...#.g..#
#####...####.......#
###....## ##......#
##....### #......J#
....### ##........ ..###
#.......). .##
##.†.....) ## #.....o...


You could see an orc wizard, an endoplasm and a goblin.

Vanquished Creatures
  A hound (D:3)
  7 adders
  2 dart slugs (D:4)
  5 orcs (D:4)
  4 ball pythons
  6 endoplasms
  4 goblins
  7 hobgoblins
  2 jackals (D:1)
  7 kobolds
  A quokka (D:3)
  4 bats
  5 frilled lizards (D:1)
  2 rats
57 creatures vanquished.

Notes
Turn   | Place    | Note
-------+----------+-------------------------------------------
     0 | D:1      | mopl the Octopode Alchemist began the quest for the Orb.
     0 | D:1      | Reached XP level 1. HP: 11/11 MP: 3/3
   273 | D:1      | Reached XP level 2. HP: 17/17 MP: 1/5
  1029 | D:2      | Reached XP level 3. HP: 21/21 MP: 3/6
  1633 | D:3      | Reached skill level 2 in Conjurations
  1690 | D:3      | Reached skill level 4 in Alchemy
  1695 | D:3      | Reached XP level 4. HP: 22/27 MP: 2/8
  1702 | D:3      | Learned a level 4 spell: Olgreb's Toxic Radiance
  1967 | D:3      | Reached skill level 3 in Spellcasting
  2141 | D:3      | Reached XP level 5. HP: 31/31 MP: 5/9
  2283 | D:4      | Learned a level 4 spell: Sticky Flame
  2374 | D:4      | Found a radiant altar of Vehumet.
  2380 | D:4      | Became a worshipper of Vehumet
  2564 | D:4      | HP: 1/31 [goblin/+2 dagger of freezing (4)]
  2564 | D:4      | Slain by a goblin

Illustrated notes

Levels and vault maps discovered:
D:1:      dpeg_arrival_chambers_temple_mockup, layout_basic
D:2:      layout_basic, minmay_misc_feat_iff
D:3:      layout_loops_cross
D:4:      layout_cave_pods, nicolae_vehumet_altar_sigil,
          mainiacjoe_overflow_cross_hatched

Skill      XL: |  1  2  3  4 |
---------------+-------------+-----
Conjurations   | 2 |  2.9
Alchemy        | 4 |  4.5
Spellcasting   | 3 |  3.2
Dodging        | |  2.0
Stealth        | |  2.6

Action                     |  1- 3 |  4- 6 || total
---------------------------+-------+-------++-------
  Melee: Unarmed           |    12 |       ||    12
         Constrict         |     7 |     6 ||    13
         Tentacles         |     8 |     5 ||    13
         Short sword       |    20 |     7 ||    27
         Dagger            |       |    13 ||    13
   Cast: Sting             |    44 |    35 ||    79
         Olgreb's Toxic Ra |       |     2 ||     2
 Armour: Skin              |    17 |    18 ||    35
  Dodge: Dodged            |    29 |    17 ||    46

Table legend: (Time is in decaauts)
 A = Elapsed time spent in this place.
 B = Non-inter-level travel time spent in this place.
 C = Inter-level travel time spent in this place.
 D = Time resting spent in this place.
 E = Time spent auto-exploring this place.
 F = Levels seen in this place.
 G = Mean time per level.
                   A        B        C        D        E       F      G
               +--------+--------+--------+--------+--------+-----+--------+
         Total |   2560 |   2432 |    128 |     46 |   2007 |   4 |  640.0 |
       Dungeon |   2560 |   2432 |    128 |     46 |   2007 |   4 |  640.0 |
               +--------+--------+--------+--------+--------+-----+--------+

Top non-repeatable levels by time:
     D:1: 911 daAuts
     D:2: 703 daAuts
     D:3: 659 daAuts
     D:4: 286 daAuts
